 Dungeon Crawl Stone Soup version bcrawl-1.20.1-3-gdcb1fc31ed (webtiles) character file.

Game seed: 7483771519197984606

59 MisterOstroum the Cutter (level 4, -1/30 HPs)
             Began as a Fairy Sloth Apostle on Feb 2, 2020.
             Was a Follower of Cheibriados.
             Slain by an orc
             ... wielding a +1 dagger of electrocution
              (11 damage)
             ... on level 3 of the Dungeon.
             The game lasted 00:04:00 (2703 turns).

MisterOstroum the Cutter (Fairy Sloth Apostle)      Turns: 2703, Time: 00:04:01

Health: -1/30      AC:  4    Str: 13    XL:     4   Next: 3%
Magic:  6/8        EV: 16    Int: 17    God:    Cheibriados [*.....]
Gold:   79         SH:  4    Dex: 14    Spells: 4/5 levels left

rFire    . . .     SeeInvis .   a - +0 short sword
rCold    . . .     Gourm    .   (shield restricted)
rNeg     . . .     Faith    .   (armour unavailable)
rPois    .         Spirit   .   (no helmet)
rElec    .         Reflect  .   (no cloak)
rCorr    .         Harm     .   (no gloves)
MR       .....                  (no boots)
Stlth    +.........             (no amulet)
HPRegen  0.10/turn              (no ring)
MPRegen  0.11/turn              (no ring)

@: flying evasively, very slightly contaminated, very slow
A: small, magic attunement, unstealthy, unfitting armour, able to fly, AC/SH +4
a: Stop Flying, Bend Time, Renounce Religion


You were on level 3 of the Dungeon.
You worshipped Cheibriados.
Cheibriados was aware of your devotion.
You were not hungry.

You visited 1 branch of the dungeon, and saw 3 of its levels.

You collected 79 gold pieces.

Inventory:

Hand Weapons
 a - a +0 short sword (weapon)
 r - a +0 rapier
Missiles
 g - 633 stones (quivered)
 q - a throwing net {!f!f}
Armour
 b - a +0 shield
Wands
 c - a wand of paralysis (10)
Scrolls
 f - a scroll of enchant armour {unknown}
 h - 3 scrolls of identify {unknown}
 i - 2 scrolls of fog {unknown}
 k - a scroll of teleportation {unknown}
 m - a scroll of noise {unknown}
Potions
 d - a potion of cancellation {unknown}
 j - 2 potions of curing {unknown}
 l - a potion of experience {unknown}
 n - a potion of ambrosia {unknown}
 o - a potion of invisibility {unknown}
Comestibles
 e - 2 rations {!d}
 p - a chunk of flesh


   Skills:
 * Level 2.7 Fighting
 * Level 3.0 Short Blades
 + Level 1.8 Dodging
 - Level 2.4 Stealth
 - Level 2.4 Shields
 - Level 1.3 Spellcasting
 - Level 1.0 Hexes
 - Level 1.1 Evocations


You had 4 spell levels left.
You knew the following spells:

 Your Spells              Type           Power        Failure   Level  Hunger
a - Slow                  Hex            #.......     14%         1    None
Your spell library was empty.

Dungeon Overview and Level Annotations

Branches:
Dungeon (3/12)

Altars:
Uskayaw


Innate Abilities, Weirdness & Mutations

Your spells do not cause hunger and MP costs are reduced by 1.
Your bright wings attract enemies. (Stealth-)
You cannot fit into any form of body armour.
Your shimmering scales are hard and can block incoming attacks. (AC +4, SH +4)
You are small and have problems with some larger weapons.
You can fly continuously.


Message History

You fly downwards.
The kobold throws a stone.
You block the stone.
There is a stone staircase leading up here.
The kobold closely misses you. x2
You hit the kobold.
The kobold is severely wounded.
You hit the kobold.
You kill the kobold!
Cheibriados appreciates the change of pace.
No target in view!
No target in view!
No target in view!
No target in view!
No target in view!
No target in view!
No target in view!
No target in view!
No target in view!
You now have 79 gold pieces (gained 1).
You see here a chain mail.
Found a ration.
An orc comes into view. It is wielding a +0 club.
An orc comes into view.
It is wielding a +1 dagger of electrocution.
You see here a rapier.
The orc shouts!
You hear a shout!
You see here a rapier.
r - a rapier The orc barely misses you.
You block the orc's attack. You block the orc's attack. x2
The orc misses you. The orc barely misses you. You block the orc's attack.
Casting: Slow (safe; 14% risk of failure)
Confirm with . or Enter, or press ? or * to list all spells.
Aiming: Slow (safe; 14% risk of failure)
Press: ? - help, Shift-Dir - straight line, f - orc
Aim: an orc, wielding a +1 dagger of electrocution and wearing a +0 ring mail (chance to defeat MR: 55%)
You miscast Slow.
You are very lightly contaminated with residual magic.
The light around you dims momentarily. The orc completely misses you. x2
Casting: Slow (safe; 14% risk of failure)
Confirm with . or Enter, or press ? or * to list all spells.
Aiming: Slow (safe; 14% risk of failure)
Press: ? - help, Shift-Dir - straight line, f/p - orc
Aim: an orc, wielding a +1 dagger of electrocution and wearing a +0 ring mail (chance to defeat MR: 55%)
You miscast Slow.
Nothing appears to happen.
The orc barely misses you. The orc hits you but does no damage.
Casting: Slow (safe; 14% risk of failure)
Confirm with . or Enter, or press ? or * to list all spells.
Aiming: Slow (safe; 14% risk of failure)
Press: ? - help, Shift-Dir - straight line, f/p - orc
Aim: an orc, wielding a +1 dagger of electrocution and wearing a +0 ring mail (chance to defeat MR: 55%)
The orc resists with significant effort.
The orc hits you but does no damage. The orc barely misses you.
The flow of time bends around you.
Cheibriados rebukes the orc.
The orc seems to slow down.
Cheibriados rebukes the orc.
The orc seems to slow down.
You feel slightly more hungry.
The orc hits you with a +1 dagger of electrocution.
The orc closely misses you.
You hit the orc but do no damage. You hit the orc but do no damage.
You block the orc's attack. The orc hits you with a +0 club.
You hit the orc.
The orc is lightly wounded.
A jackal comes into view.
The orc barely misses you.
The jackal barks!
You hit the orc.
The orc is heavily wounded.
The orc barely misses you.
You barely miss the orc.
The orc is heavily wounded.
The orc hits you but does no damage.
You are electrocuted!
* * * LOW HITPOINT WARNING * * *
The orc closely misses you.
The jackal pauses to sniff the ground.
You hit the orc.
The orc is severely wounded.
The orc barely misses you.
You barely miss the orc.
The orc is severely wounded.
The orc closely misses you.
A kobold comes into view. It is wielding a +0 whip.
You barely miss the orc.
The orc is severely wounded.
The orc barely misses you. The orc closely misses you.
The jackal bites you but does no damage.
You hit the orc but do no damage.
The orc is severely wounded.
The jackal barely misses you. The orc closely misses you.
You hit the orc but do no damage.
The orc is severely wounded.
You block the jackal's attack. The orc closely misses you.
You hit the orc but do no damage.
The orc is severely wounded.
The jackal bites you but does no damage.
The orc hits you but does no damage.
You are electrocuted!
You die...

#..........#
#..........##
#......[.^...
#..........#
#.....K....#
##........###.
#............[
..
#....ooh......
..# .#
#.....@....#.
..#.
#...[.<....#
#...
..............#
##...
#####........##
...# ##.......#
.# #.#####
#######.# . #.
#.....### #.#.#
#.##.###...#####
#.#. ..#..#
###.....####..


You could see 2 orcs, a jackal and a kobold.

Vanquished Creatures
  An adder (D:2)
  A dart slug (D:2)
  3 leopard geckos
  An orc (D:2)
  6 giant cockroaches
  4 goblins
  3 hobgoblins
  8 jackals
  A quokka (D:2)
  A bat (D:2)
  A frilled lizard (D:2)
  5 kobolds
  2 rats (D:2)
37 creatures vanquished.

Notes
Turn   | Place    | Note
-------+----------+-------------------------------------------
     0 | D:1      | MisterOstroum the Fairy Sloth Apostle began the quest for
                  | the Orb.
     0 | D:1      | Reached XP level 1. HP: 14/14 MP: 4/4
   990 | D:1      | Reached XP level 2. HP: 19/19 MP: 6/6
  1202 | D:2      | Reached skill level 1 in Dodging
  1557 | D:2      | Found a hide-covered altar of Uskayaw.
  1629 | D:2      | Reached XP level 3. HP: 25/25 MP: 7/7
  2075 | D:2      | Reached * piety under Cheibriados
  2485 | D:2      | Reached skill level 3 in Short Blades
  2491 | D:2      | Reached XP level 4. HP: 16/30 MP: 5/8
  2703 | D:3      | Slain by an orc

Skill      XL: |  1  2  3 |
---------------+----------+-----
Fighting       | 2 |  2.7
Dodging        | 1 |  1.8
Short Blades   | 3 |  3.0
Stealth        | |  2.4
Shields        | |  2.4
Spellcasting   | |  1.3
Hexes          | |  1.0
Evocations     | |  1.1

Action                   |  1- 3 |  4- 6 || total
-------------------------+-------+-------++-------
Melee: Short sword       |   170 |    16 ||   186
 Cast: Slow              |    12 |     1 ||    13
Invok: Bend Time         |     1 |     1 ||     2
  Eat: Chunk             |     5 |     1 ||     6
Armor: Skin              |    36 |     6 ||    42
Dodge: Dodged            |   129 |    21 ||   150
Block: Other             |    33 |     7 ||    40
